 Dungeon Crawl Stone Soup version bcrawl-1.19.2-6-g6a88ae04c9 (webtiles) character file.

Game seed: 3670548392482522681

325 Mrkan the Cudgeler (level 6, -10/53 HPs)
             Began as a Draconian Fighter on Jan 6, 2020.
             Was an Initiate of Ru.
             Killed by nerve-wracking pain
             ... invoked by Grinder
              (11 damage)
             ... on level 4 of the Dungeon.
             The game lasted 00:04:41 (4188 turns).

Mrkan the Cudgeler (Draconian Fighter)              Turns: 4188, Time: 00:04:42

Health: -10/53     AC:  7    Str: 18    XL:     6   Next: 24%
Magic:  6/6        EV: 11    Int:  8    God:    Ru [......]
Gold:   165        SH:  9    Dex: 13    Spells: 5/5 levels left

rFire    . . .     SeeInvis .   a - +0 flail
rCold    . . .     Gourm    .   b - +0 shield
rNeg     . . .     Faith    .   (armour unavailable)
rPois    .         Spirit   .   (helmet restricted)
rElec    .         Reflect  .   (no cloak)
rCorr    .         Harm     .   (no gloves)
MR       .....                  s - +0 pair of boots
Stlth    +.........             (no amulet)
HPRegen  0.17/turn              (no ring)
MPRegen  0.10/turn              (no ring)

@: hasted, very quick
A: unfitting armour, cold-blooded, AC +6
a: Renounce Religion


You were on level 4 of the Dungeon.
You worshipped Ru.
Ru was noncommittal.
You were hungry.

You visited 1 branch of the dungeon, and saw 4 of its levels.

You collected 165 gold pieces.

Inventory:

Hand Weapons
 a - a +0 flail (weapon)
Missiles
 g - a throwing net {!f}
 n - 139 javelins (quivered)
Armour
 b - a +0 shield (worn)
 s - a +0 pair of boots (worn)
Scrolls
 e - 3 scrolls of magic mapping {unknown}
 f - 3 scrolls of enchant armour {unknown}
 j - 2 scrolls of fear {unknown}
 k - 4 scrolls of identify {unknown}
 m - a scroll of amnesia {unknown}
 o - a scroll of remove curse {unknown}
Potions
 c - a potion of flight
 l - a potion of agility {unknown}
 p - a potion of curing {unknown}
 q - a potion of cancellation {unknown}
Comestibles
 d - 4 rations {!d}


   Skills:
 + Level 4.4 Fighting
 * Level 4.4 Maces & Flails
 + Level 3.7 Dodging
 + Level 4.1 Shields


You had 5 spell levels left.
You didn't know any spells.
Your spell library contained the following spells:

 Spells                   Type           Power        Failure   Level  Hunger
 Corona                   Hex            #......      87%         1    ##.....
 Ensorcelled Hibernation  Hex/Ice        #.....       95%         2    ###....
 Confuse                  Hex            #.......     99%         3    ####...
 Dazzling Spray           Conj/Hex       #.....       99%         3    ####...
 Tukima's Dance           Hex            #.......     99%         3    ####...


Dungeon Overview and Level Annotations

Branches:
Dungeon (4/12)             Temple (0/1) D:4

Altars:
Ashenzari
Fedhas
Ru

Annotations:
D:4 Grinder


Innate Abilities, Weirdness & Mutations

Your plain brown scales are hard. (AC +6)
You cannot fit into any form of body armour.
You are cold-blooded and may be slowed by cold attacks.


Message History

Grinder is severely wounded.
You block Grinder's attack. Grinder hits you.
You writhe in agony.
You hit Grinder.
Grinder is severely wounded.
Grinder misses you.
Your shield prevents you from hitting Grinder.
Grinder is severely wounded.
Grinder hits you.
* * * LOW HITPOINT WARNING * * *
You writhe in agony.
* * * LOW HITPOINT WARNING * * *
It was a potion of haste.
You feel yourself speed up.
Grinder says, "I used to sell toenails on the black market."
Grinder gestures at you. Pain shoots through your body!
* * * LOW HITPOINT WARNING * * *
It was a potion of magic.
Magic courses through your body. Grinder gestures at you.
Pain shoots through your body!
You die...

#. ##.# ##...#
#.....## ##
##......#
#.#.#......#
#######<.##...#.##
#...5@...%.......#
#.######.######l.#
.# #..# .# #..# .#
#5.# .# #<.# .#
#..# #..# #..#


You could see Grinder.

Vanquished Creatures
  Duvessa (D:3)
  Dowan (D:4)
  A bullfrog zombie (D:3)
  A worker ant (D:4)
  3 gnolls (D:4)
  An adder (D:2)
  2 worms
  3 dart slugs
  2 leopard geckos
  An orc (D:3)
  5 giant cockroaches
  7 goblins
  9 hobgoblins
  2 quokkas
  A ball python zombie (D:1)
  8 bats
  6 frilled lizards
  A jackal zombie (D:1)
  2 kobolds (D:1)
  A quokka skeleton (D:2)
  7 rats
65 creatures vanquished.

Notes
Turn   | Place    | Note
-------+----------+-------------------------------------------
     0 | D:1      | Mrkan the Draconian Fighter began the quest for the Orb.
     0 | D:1      | Reached XP level 1. HP: 19/19 MP: 1/1
   199 | D:1      | Reached XP level 2. HP: 26/26 MP: 2/2
   611 | D:1      | Reached XP level 3. HP: 31/31 MP: 3/3
  1262 | D:2      | Found a shattered altar of Ashenzari.
  1462 | D:2      | Found a blossoming altar of Fedhas.
  1490 | D:2      | Reached XP level 4. HP: 34/40 MP: 4/4
  3160 | D:3      | Found a sacrificial altar of Ru.
  3289 | D:3      | Became a worshipper of Ru the Awakened
  3377 | D:4      | Noticed Grinder
  3378 | D:4      | Paralysed by Grinder for 3 turns
  3383 | D:4      | Paralysed by Grinder for 2 turns
  3581 | D:4      | Reached XP level 5. HP: 36/46 MP: 5/5
  3726 | D:4      | Found a staircase to the Ecumenical Temple.
  3728 | D:4      | Noticed Dowan
  3773 | D:4      | Killed Dowan
  3813 | D:4      | Noticed Duvessa
  3857 | D:3      | Killed Duvessa
  3857 | D:3      | Reached XP level 6. HP: 20/53 MP: 6/6
  4176 | D:4      | Paralysed by Grinder for 2 turns
  4187 | D:4      | HP: 1/53 [Grinder/nerve-wracking pain (7)]
  4188 | D:4      | Killed from afar by Grinder

Skill      XL: |  1  2  3  4  5 |
---------------+----------------+-----
Dodging        | 3 |  3.7
Maces & Flails | 3 4 |  4.4
Fighting       | 4 |  4.4
Shields        | 4 |  4.1

Action                   |  1- 3 |  4- 6 || total
-------------------------+-------+-------++-------
Melee: Flail             |   139 |    83 ||   222
       Tailslap          |    17 |     6 ||    23
  Use: Potion            |       |     4 ||     4
 Stab: Sleeping          |     1 |       ||     1
  Eat: Chunk             |     2 |     8 ||    10
Armor: Skin              |    32 |    20 ||    52
Dodge: Dodged            |    72 |    24 ||    96
Block: Shield            |    82 |    40 ||   122
